 Dungeon Crawl Stone Soup version 0.31-a0-986-g5e6e4ef867 (webtiles) character file.

Game seed: 15308210253154380534

57 pokeman the Magician (level 3, 0/20 HPs)
             Began as a Deep Elf Hedge Wizard on Nov 10, 2023.
             Slain by a gnoll
             ... wielding a +0 flail
              (14 damage)
             ... on level 3 of the Dungeon.
             The game lasted 00:03:40 (2406 turns).

pokeman the Magician (Deep Elf Hedge Wizard)        Turns: 2406, Time: 00:03:41

Health: 0/20       AC:  2    Str:  7    XL:     3   Next: 73%
Magic:  6/11       EV: 12    Int: 20    God:
Gold:   55         SH:  0    Dex: 14    Spells: 4/12 levels left

rFire   . . .        a - +0 dagger
rCold   . . .        (no shield)
rNeg    . . .        b - +0 robe
rPois   .            c - +0 hat
rElec   .            (no cloak)
rCorr   .            (no gloves)
SInv    .            (no boots)
Will    .....        (no amulet)
Stlth   ++           (no ring)
HPRegen 0.23/turn    (no ring)
MPRegen 0.12/turn

%: no passive effects
@: no status effects
A: no striking features
a: no special abilities


You were on level 3 of the Dungeon.
You visited 1 branch of the dungeon, and saw 3 of its levels.

You collected 55 gold pieces.

Inventory:

Hand Weapons
 a - a +0 dagger (weapon)
Missiles
 l - a throwing net
Armour
 b - a +0 robe (worn)
 c - a +0 hat (worn)
Scrolls
 e - a scroll of identify {unknown}
 f - 2 scrolls of fog {unknown}
 j - a scroll of poison {unknown}
 k - 2 scrolls of teleportation {unknown}
Potions
 d - a potion of magic
 g - a potion of brilliance {unknown}
 h - a potion of degeneration {unknown}
 i - a potion of attraction {unknown}
 m - a potion of enlightenment {unknown}
 n - a potion of ambrosia {unknown}


   Skills:
 - Level 1.0 Fighting
 - Level 1.0 Armour
 + Level 2.5 Dodging
 + Level 2.5 Stealth
 * Level 5.3 Spellcasting
 + Level 2.0 Conjurations
 - Level 1.1 Summonings
 - Level 1.1 Translocations


You had 4 spell levels left.
You knew the following spells:

 Your Spells              Type           Power      Damage    Failure   Level
a - Magic Dart            Conj           52%        1d5       4%          1
b - Mephitic Cloud        Conj/Pois/Air  8%         N/A       26%         3
c - Call Imp              Summ           18%        N/A       11%         2
d - Blink                 Tloc           18%        N/A       11%         2

Your spell library contained the following spells:

 Spells                   Type           Power      Damage    Failure   Level
 Slow                     Hex            20%        N/A       11%         1
 Cigotuvi's Dreadful Rot  Necr/Pois/Air  10%        N/A       17%         2
 Confusing Touch          Hex            5%         N/A       32%         3
 Sigil of Binding         Hex            5%         N/A       32%         3
 Vampiric Draining        Necr           5%         2d6       32%         3


Dungeon Overview and Level Annotations

Branches:
Dungeon (3/15)

Altars:
Ashenzari


Message History

A gnoll comes into view. It is wielding a +0 whip.
Found a broken altar of Ashenzari.
The gnoll shouts!
Casting: Magic Dart (safe; 4% risk of failure)
Confirm with . or Enter, or press ? or * to list all spells.
Aiming: Mephitic Cloud (extremely dangerous; 26% risk of failure)
Press: ? - help, Shift-Dir - straight line, f - gnoll
Aim: a gnoll, wielding a +0 flail (chance to affect: 91%)
The ball explodes into a vile cloud!
The stinking cloud engulfs the gnoll but does no damage.
You hear an angry hiss.
The gnoll is engulfed in noxious fumes.
The gnoll appears confused.
Unknown command.
The gnoll is engulfed in noxious fumes.
The gnoll appears confused.
The gnoll hits you with a +0 flail!
You hit the gnoll but do no damage.
The gnoll is engulfed in noxious fumes.
The gnoll appears confused.
The gnoll closely misses you.
You barely miss the gnoll.
The gnoll is engulfed in noxious fumes.
The gnoll appears confused.
The gnoll closely misses the gnoll.
You hit the gnoll but do no damage. You hit the gnoll.
The gnoll is moderately wounded.
You hit the gnoll but do no damage.
The gnoll is moderately wounded.
The gnoll misses you.
You hit the gnoll.
The gnoll is moderately wounded.
The gnoll barely misses you.
You hit the gnoll.
The gnoll is heavily wounded.
The gnoll closely misses you.
Casting: Mephitic Cloud (extremely dangerous; 26% risk of failure)
Confirm with . or Enter, or press ? or * to list all spells.
A tiny devil pulls itself out of the air.
The gnoll barely misses itself.
You hit the gnoll.
The gnoll is heavily wounded.
The gnoll hits you with a +0 flail!
Ouch! That really hurt!
You die...

######.o...
##......g. .
#.....###...
#.....#####_
#.....###...
#ogg..g.g..
##g###..... #g#
### #@# #.# #5#
#.####.###
..........#
##......#.#
#.######.######.#
#...............#
.#####...#####(#


You could see 4 gnolls, an orc and a friendly cerulean imp (summoned).

Vanquished Creatures
  A dart slug (D:1)
  5 ball pythons
  4 endoplasms
  4 giant cockroaches
  4 goblins
  6 hobgoblins
  4 kobolds
  5 quokkas
  4 bats (D:1)
  4 frilled lizards (D:2)
  5 rats
46 creatures vanquished.

Vanquished Creatures (collateral kills)
  A worm (D:2)
1 creature vanquished.

Grand Total: 47 creatures vanquished

Notes
Turn   | Place    | Note
-------+----------+-------------------------------------------
     0 | D:1      | pokeman the Deep Elf Hedge Wizard began the quest for the
                  | Orb.
     0 | D:1      | Reached XP level 1. HP: 10/10 MP: 7/7
   263 | D:1      | Reached XP level 2. HP: 16/16 MP: 5/9
   945 | D:1      | Reached skill level 5 in Spellcasting
  1081 | D:1      | Reached XP level 3. HP: 18/20 MP: 4/11
  1098 | D:1      | Learned a level 3 spell: Mephitic Cloud
  1101 | D:1      | Learned a level 2 spell: Call Imp
  1104 | D:1      | Learned a level 2 spell: Blink
  1662 | D:2      | Reached skill level 1 in Armour
  1896 | D:2      | Reached skill level 1 in Fighting
  2390 | D:3      | Found a broken altar of Ashenzari.
  2406 | D:3      | Slain by a gnoll

Illustrated notes

Levels and vault maps discovered:
D:1:      lemuel_arrival_river_ford, layout_loops_corners
D:2:      layout_basic
D:3:      layout_loops_ring, nicolae_overflow_hidden_temple,
          lemuel_doored_altar, cheibrodos_ashenzari_chains,
          mainiacjoe_sewer_entry_somewhere_in_here_1

Skill      XL: |  1  2  3 |
---------------+----------+-----
Spellcasting   | 5 |  5.3
Armour         | 1 |  1.0
Fighting       | 1 |  1.0
Conjurations   | 2 |  2.0
Dodging        | |  2.5
Stealth        | |  2.5
Summonings     | |  1.1
Translocations | |  1.1

Action                     || total
---------------------------++-------
  Melee: Dagger            ||    13
   Cast: Magic Dart        ||   106
         Call Imp          ||     2
         Mephitic Cloud    ||     1
 Armour: Robe              ||    13
  Dodge: Dodged            ||     7

Table legend: (Time is in decaauts)
 A = Elapsed time spent in this place.
 B = Non-inter-level travel time spent in this place.
 C = Inter-level travel time spent in this place.
 D = Time resting spent in this place.
 E = Time spent auto-exploring this place.
 F = Levels seen in this place.
 G = Mean time per level.
                   A        B        C        D        E       F      G
               +--------+--------+--------+--------+--------+-----+--------+
         Total |   2410 |   2386 |     24 |      7 |   2139 |   3 |  803.3 |
       Dungeon |   2410 |   2386 |     24 |      7 |   2139 |   3 |  803.3 |
               +--------+--------+--------+--------+--------+-----+--------+

Top non-repeatable levels by time:
     D:1: 1353 daAuts
     D:2: 1023 daAuts
     D:3: 33 daAuts
